 Dungeon Crawl Stone Soup version 0.24.0-37-gcf1ca852f1 (webtiles) character file.

Game seed: 5361082797175630497, levelgen mode: deterministic

714 Cryoshakespeare the Sneak (level 7, 0/39 HPs)
             Began as a Vampire Gladiator on Nov 23, 2019.
             Was an Initiate of Okawaru.
             Slain by an orc
             ... wielding a +0 quarterstaff
              (7 damage)
             ... on level 5 of the Dungeon.
             The game lasted 00:08:14 (3583 turns).

Cryoshakespeare the Sneak (Vampire Gladiator)       Turns: 3583, Time: 00:08:14

Health: 0/39       AC: 12    Str: 18    XL:     7   Next: 41%
Magic:  7/7        EV: 13    Int: 11    God:    Okawaru [......]
Gold:   238        SH:  8    Dex: 22    Spells: 6/6 levels left

rFire    . . .     SeeInvis +   a - +0 long sword
rCold    + + +     Gourm    .   q - +0 shield
rNeg     + + +     Faith    .   l - +1 chain mail {rC+}
rPois    ∞         Spirit   .   c - +0 helmet
rElec    .         Reflect  .   (no cloak)
rCorr    .         Harm     .   (no gloves)
MR       .....                  e - +1 pair of boots {Stlth+}
Stlth    +++++.....             (no amulet)
HPRegen  0.00/turn              (no ring)
MPRegen  0.10/turn              (no ring)

@: mighty, agile, bloodless
A: no food, fangs 3, see invisible, unbreathing
a: Bat Form, Revivify, Renounce Religion


You were on level 5 of the Dungeon.
You worshipped Okawaru.
Okawaru was noncommittal.
You were bloodless.

You visited 1 branch of the dungeon, and saw 6 of its levels.

You collected 238 gold pieces.

Inventory:

Hand Weapons
 a - a +0 long sword (weapon)
Missiles
 n - 2 silver javelins (quivered)
Armour
 b - a +0 leather armour
 c - a +0 helmet (worn)
 e - a +1 pair of boots of stealth (worn)
 l - a +1 chain mail of cold resistance (worn)
 q - a +0 shield (worn)
Scrolls
 d - 4 scrolls of teleportation {unknown}
 f - 2 scrolls of immolation {unknown}
 g - a scroll of identify {unknown}
 i - 2 scrolls of fog {unknown}
 m - a scroll of magic mapping {unknown}
 p - a scroll of blinking {unknown}
 r - a scroll of enchant weapon {unknown}
 s - a scroll of enchant armour {unknown}
 v - a scroll of remove curse {unknown}
Potions
 t - a potion of invisibility {unknown}
 u - a potion of haste {unknown}


   Skills:
 - Level 1.7 Fighting
 + Level 5.5 Long Blades
 - Level 1.5 Throwing
 + Level 6.1 Dodging
 + Level 7.1 Stealth


You had 6 spell levels left.
You didn't know any spells.
Your spell library was empty.

Dungeon Overview and Level Annotations

Branches:
Dungeon (6/15)             Temple (0/1) D:6

Altars:
Elyvilon
Kikubaaqudgha
Okawaru


Innate Abilities, Weirdness & Mutations

You do not eat.
You do not regenerate when monsters are visible.
You are frail without blood (-20% HP).
You can heal yourself when you bite living creatures.
You are immune to poison.
You have razor-sharp teeth.
You have supernaturally acute eyesight. (SInv)
You can survive without breathing.


Message History

Unknown command.
You slash the unseen horror!
The unseen horror is moderately wounded.
You block the unseen horror's attack. The crimson imp misses you.
The orc closely misses you.
You riposte.
You closely miss the orc. Your bite misses the orc.
The orc hits you but does no damage.
The crimson imp blinks!
Unknown command.
The orc closely misses you.
You closely miss the orc.
The unseen horror hits you but does no damage.
The orc barely misses you.
You riposte.
You closely miss the orc. The orc closely misses you.
Unknown command.
You slash the orc!
You kill the orc!
Okawaru accepts your kill. You block the unseen horror's attack.
The crimson imp blinks!
The orc hits you with a +0 quarterstaff!
You die...

.... ..#..
#...#..... o...
...... ..........
....
#...#...#...#...#
...#...#...#....5
..#$..#[..#$...#
...#..)#...#...#
#...#..§#†..#..##
..5....xoo.......
........@......##
.......>########
#########


You could see an unseen horror (invisible), a crimson imp and 2 orcs.

Vanquished Creatures
  3 ogres
  A centaur (D:5)
  A scorpion (D:5)
  A killer bee (D:5)
  An orc wizard (D:3)
  Terence (D:2)
  An iguana (D:5)
  Natasha (thrice) (D:2)
  6 adders
  An ooze (D:1)
  4 worms
  A dart slug (D:2)
  3 leopard geckos
  6 orcs
  9 bats
  4 giant cockroaches
  2 goblins (D:1)
  11 hobgoblins
  4 jackals (D:3)
  A quokka (D:2)
  6 frilled lizards
  5 kobolds
  9 rats
84 creatures vanquished.

Vanquished Creatures (others)
  A human (D:2)
1 creature vanquished.

Grand Total: 85 creatures vanquished

Notes
Turn   | Place    | Note
-------+----------+-------------------------------------------
     0 | D:1      | Cryoshakespeare the Vampire Gladiator began the quest for
                  | the Orb.
     0 | D:1      | Reached XP level 1. HP: 16/16 MP: 1/1
    62 | D:1      | Reached skill level 1 in Stealth
    62 | D:1      | Reached XP level 2. HP: 14/17 MP: 2/2
   325 | D:1      | Reached skill level 2 in Stealth
   465 | D:1      | Reached XP level 3. HP: 21/21 MP: 3/3
   698 | D:2      | Found an ancient bone altar of Kikubaaqudgha.
   698 | D:2      | Noticed a human
   701 | D:2      | Killed a human
   717 | D:2      | Noticed an ogre
   908 | D:2      | Killed an ogre
   908 | D:2      | Reached skill level 4 in Stealth
   908 | D:2      | Reached XP level 4. HP: 26/26 MP: 4/4
   920 | D:2      | Noticed Terence
   939 | D:2      | Killed Terence
   939 | D:2      | Reached XP level 5. HP: 15/30 MP: 5/5
  1366 | D:2      | Noticed Natasha
  1376 | D:2      | Killed Natasha
  1838 | D:2      | Noticed Natasha
  1865 | D:2      | Killed Natasha
  1865 | D:2      | Reached skill level 5 in Dodging
  1865 | D:2      | Reached skill level 5 in Stealth
  2089 | D:2      | Noticed Natasha
  2109 | D:2      | Found an ancient bone altar of Kikubaaqudgha.
  2341 | D:2      | Killed Natasha
  2341 | D:2      | Reached XP level 6. HP: 35/35 MP: 6/6
  2665 | D:3      | Found a white marble altar of Elyvilon.
  2975 | D:3      | Reached skill level 6 in Stealth
  3063 | D:3      | Found an iron altar of Okawaru.
  3071 | D:3      | Became a worshipper of Warmaster Okawaru
  3130 | D:3      | Reached skill level 5 in Long Blades
  3507 | D:4      | You fall into a shaft and drop 2 floors!
  3513 | D:5      | Entered Level 5 of the Dungeon
  3516 | D:5      | Found an ancient bone altar of Kikubaaqudgha.
  3533 | D:6      | Found a staircase to the Ecumenical Temple.
  3552 | D:5      | Noticed an unseen horror
  3561 | D:5      | Reached XP level 7. HP: 18/39 MP: 7/7
  3577 | D:5      | Reached skill level 7 in Stealth
  3583 | D:5      | Slain by an orc

Levels and vault maps discovered:
D:1:      minmay_arrival_four_houses, layout_basic
D:2:      layout_basic, tgw_kikubaaqudgha, uniq_natasha, uniq_terence
D:3:      layout_basic, elyvilon_altar_1, kennysheep_okawaru_gauntlet
D:4:      layout_basic, first_ration, serial_shops, kennysheep_little_box,
          kennysheep_minor_cross, cheibrodos_gnoll_hut, uniq_edmund
D:5:      cheibrodos_fzero, layout_basic, nicolae_overflow_hidden_temple,
          minmay_quadrilaterals, uniq_blork_the_orc
D:6:      layout_basic, minmay_overflow_temple_star_hex,
          minmay_temple_entry_junction

Skill      XL: |  1  2  3  4  5  6  7 |
---------------+----------------------+-----
Stealth        | 1 2 4 5 6 7 |  7.1
Dodging        | 4 5 6 |  6.1
Long Blades    | 4 5 |  5.5
Fighting       | |  1.7
Throwing       | |  1.5

Action                   |  1- 3 |  4- 6 |  7- 9 || total
-------------------------+-------+-------+-------++-------
Melee: Long sword        |    77 |   198 |    18 ||   293
       Bite              |     8 |    27 |     3 ||    38
Throw: Throwing net      |     2 |     1 |       ||     3
       Javelin           |       |     2 |       ||     2
 Abil: Exsanguinate      |     1 |       |       ||     1
  Use: Potion            |       |     3 |     1 ||     4
 Stab: Sleeping          |    11 |    11 |       ||    22
       Held in net/web   |     2 |     1 |       ||     3
       Distracted        |       |     2 |       ||     2
Armor: Leather armour    |    31 |     1 |       ||    32
       Chain mail        |       |   135 |    30 ||   165
Dodge: Dodged            |    52 |    84 |    26 ||   162
Block: Shield            |       |    43 |    19 ||    62
       Rpst.: Long sword |    23 |    20 |     9 ||    52
